AoeStats
← Dark | NotAdam

Arabian Desert

509713299Analyzed
1v1 RM · 4d ago on Sep 27, 2026· 18m 59s· 2 players
Game mode
Random Map
Map size
Tiny (2 player)
Population
200
Speed
Normal
Resources
Standard
Victory
Conquest
Starting age
Dark Age
Ending age
Imperial Age
RankedLock teamsTeams togetherTeam positionsShared explorationLock speedFull tech treeHidden civsTurbo modeCheats
Victory
Defeat
🇹🇷 Aztecs · Türkiye
2152
+12
🇲🇽 Turks · Mexico
2067
-12
Dark | NotAdam
6:41 Loom
9:20 Feudal Age
10:07 Man-at-Arms
10:45 Double-Bit Axe
14:31 Fletching
sansarr_
6:01 Loom
9:00 Feudal Age
9:22 Man-at-Arms
10:57 Double-Bit Axe
14:52 Fletching
21:30 Castle Age
19:20 Gold Mining
Connection lost

Rejoining the realm…

Still unreachable

The connection could not be restored.

Session expired

The server has moved on; the page needs a fresh start.